 Dungeon Crawl Stone Soup version 0.28.0-53-g5a82cb258f (webtiles) character file.

Game seed: 8198849686761478488

5829 Peloso the Carver (level 10, -9/90 HPs)
             Began as a Minotaur Fighter on July 28, 2022.
             Mangled by a yak (11 damage)
             ... on level 9 of the Dungeon.
             The game lasted 00:17:32 (10540 turns).

Peloso the Carver (Minotaur Fighter)               Turns: 10540, Time: 00:17:33

Health: -9/90      AC: 13    Str: 23    XL:     10   Next: 51%
Magic:  9/9        EV:  9    Int:  5    God:
Gold:   313        SH:  5    Dex: 12    Spells: 9/9 levels left

rFire   + + .      SeeInvis .   a - +5 falchion
rCold   . . .      Faith    .   d - +0 buckler
rNeg    . . .      Spirit   .   l - +2 chain mail {rF+}
rPois   .          Reflect  .   (helmet restricted)
rElec   .          Harm     .   (no cloak)
rCorr   .          Rampage  .   (no gloves)
Will    .....                   (no boots)
Stlth   ..........              (no amulet)
HPRegen 0.25/turn               g - +4 ring of slaying
MPRegen 0.11/turn               h - ring of protection from fire

@: no status effects
A: horns 2, retaliatory headbutt
a: no special abilities


You were on level 9 of the Dungeon.
You visited 2 branches of the dungeon, and saw 10 of its levels.

You collected 472 gold pieces.
You spent 159 gold pieces at shops.

Inventory:

Hand Weapons
 a - a +5 falchion (weapon)
 b - a +3 falchion
 c - a +1 war axe of flaming
Missiles
 e - 2 throwing nets (quivered)
Armour
 d - a +0 buckler (worn)
 l - a +2 chain mail of fire resistance (worn)
Jewellery
 g - a +4 ring of slaying (left hand)
 h - a ring of protection from fire (right hand)
 n - a ring of protection from cold
 r - a ring of positive energy
 C - a ring of see invisible
 D - a ring of resist corrosion
Wands
 j - a wand of polymorph (17)
 y - a wand of mindburst (11)
 E - a wand of flame (13)
Scrolls
 o - a scroll of magic mapping
 p - a scroll of fog
 q - a scroll of blinking
 A - a scroll of acquirement
 H - a scroll of teleportation
Potions
 f - 3 potions of flight
 i - 2 potions of cancellation
 k - a potion of resistance
 m - 2 potions of haste
 w - a potion of berserk rage
 z - a potion of degeneration {unknown}
 F - 3 potions of might
 G - 2 potions of magic {unknown}


   Skills:
 + Level 8.7 Fighting
 + Level 11.8 Long Blades
 + Level 10.8 Armour
 + Level 3.5 Dodging
 + Level 1.2 Stealth
 + Level 7.1 Shields
 + Level 0.2 Evocations


You had 9 spell levels left.
You didn't know any spells.
Your spell library contained the following spells:

 Spells                   Type           Power      Damage    Failure   Level
 Animate Skeleton         Necr           0%         N/A       98%         1
 Magic Dart               Conj           0%         1d3       98%         1
 Pain                     Necr           0%         1d4       98%         1
 Searing Ray              Conj           0%         2d4       99%         2
 Vampiric Draining        Necr           0%         2d6       100%        3
 Fulminant Prism          Conj/Hex       0%         3d6       100%        4


Dungeon Overview and Level Annotations

Branches:
Dungeon (9/15)             Temple (1/1) D:4
   Lair: D:8-11         Orc: D:9-12

Altars:
Ashenzari
Cheibriados
Dithmenos
Fedhas
Gozag
Hepliaklqana
Kikubaaqudgha
Makhleb
Nemelex Xobeh
Qazlal
Ru
Uskayaw
Vehumet
Xom
Yredelemnul
Zin
The Shining One

Shops:
D:4 *   D:7 :

Annotations:
D:4 4 runed translucent doors, Crazy Yiuf; hexxy's ghost, amateur DEFE
D:8 3 runed translucent doors, Peloso's ghost, novice MiFi


Innate Abilities, Weirdness & Mutations

You have a pair of horns on your head.
You reflexively headbutt those who attack you in melee.


Message History

Unknown command.
You closely miss Maggie. Your headbutt misses Maggie.
Maggie is heavily wounded.
The yak closely misses you.
Unknown command.
You closely miss Maggie.
Maggie is heavily wounded.
You block Maggie's attack. The yak gores you!
* * * LOW HITPOINT WARNING * * *
You hit Maggie. You headbutt Maggie.
Maggie is heavily wounded.
You block Maggie's attack. The yak gores you but does no damage.
You slash Maggie!
Maggie is severely wounded.
You hit Maggie. Your headbutt misses Maggie.
Maggie is severely wounded.
Maggie hits you with a +0 long sword of flaming.
* * * LOW HITPOINT WARNING * * *
The yak gores you.
* * * LOW HITPOINT WARNING * * *
You slash Maggie!
You break out of your daze!
You kill Maggie!
The yak barely misses you.
You hit the yak.
The yak is lightly wounded.
You slash the yak!
The yak is moderately wounded.
You block the yak's attack.
You slash the yak!
The yak is severely wounded.
The yak gores you but does no damage.
You completely miss the yak.
The yak is severely wounded.
The yak gores you!
* * * LOW HITPOINT WARNING * * *
You slash the yak! You headbutt the yak.
You kill the yak!
The yak gores you!
You die...

### #<# #.# ###?#
##.#o# #....# #.##.#
###'###.############
##.....##.KY@........
#.......#..##########
#...†..O#.).####
+..._...'..K@....
#.......#........
#.......#.........
##.....##.........
###+###..........
..........


You could see a yak and a kobold.

Vanquished Creatures
  Harold (D:8)
  Maggie (D:9)
  Eustachio (D:6)
  4 yaks (D:9)
  A steam dragon (D:9)
  4 vampire mosquitoes (D:8)
  Menkaure (D:5)
  Duvessa (D:6)
  3 water moccasins
  3 orc warriors (D:8)
  A black bear (D:5)
  A necrophage (D:7)
  An ogre (D:7)
  A centaur (D:8)
  A phantom (D:6)
  A kobold brigand (D:9)
  A bullfrog (D:6)
  Dowan (D:6)
  A water moccasin skeleton (D:6)
  6 killer bees (D:8)
  8 wights
  3 centaur zombies
  A crimson imp (D:5)
  3 howler monkeys (D:8)
  2 jellies (D:8)
  4 orc priests
  4 hounds
  4 bullfrog skeletons
  2 centaur skeletons (D:7)
  5 iguanas
  11 orc wizards
  Natasha (twice) (D:4)
  A hound zombie (D:5)
  Robin (D:4)
  10 gnolls
  9 adders
  A shadow imp (D:7)
  2 white imps
  An ufetubus (D:4)
  An adder skeleton (D:4)
  A worm (D:2)
  24 orcs
  3 bats
  6 endoplasms
  2 giant cockroaches
  10 goblins
  9 hobgoblins
  9 jackals
  8 kobolds
  3 quokkas
  9 ball pythons
  6 frilled lizards
  4 rats
204 creatures vanquished.

Vanquished Creatures (others)
  An orc wizard (D:5)
  5 fungi
  5 plants
11 creatures vanquished.

Grand Total: 215 creatures vanquished

Notes
Turn   | Place    | Note
-------+----------+-------------------------------------------
     0 | D:1      | Peloso the Minotaur Fighter began the quest for the Orb.
     0 | D:1      | Reached XP level 1. HP: 19/19 MP: 0/0
   454 | D:1      | Reached XP level 2. HP: 25/27 MP: 1/1
   924 | D:1      | Found a faded altar of an unknown god.
  1156 | D:2      | Reached XP level 3. HP: 16/33 MP: 2/2
  1464 | D:2      | Found a shadowy altar of Dithmenos.
  1875 | D:2      | You fall into a shaft and drop 1 floor!
  2059 | D:3      | Reached XP level 4. HP: 39/40 MP: 3/3
  2063 | D:3      | Reached skill level 3 in Long Blades
  2670 | D:3      | Reached skill level 1 in Dodging
  2670 | D:3      | Reached XP level 5. HP: 30/46 MP: 4/4
  3245 | D:4      | Reached skill level 4 in Long Blades
  3255 | D:4      | Reached skill level 5 in Armour
  3306 | D:4      | Noticed Natasha
  3311 | D:4      | Killed Natasha
  3330 | D:4      | Found a staircase to the Ecumenical Temple.
  3339 | Temple   | Entered the Ecumenical Temple
  3487 | D:4      | Reached XP level 6. HP: 23/53 MP: 5/5
  3773 | D:4      | Found a runed translucent door.
  3774 | D:4      | Noticed Crazy Yiuf
  3845 | D:4      | Found a runed translucent gate.
  3845 | D:4      | Found a runed translucent gate.
  3845 | D:4      | Noticed Robin
  3846 | D:4      | Found a runed translucent gate.
  4097 | D:4      | Reached skill level 5 in Shields
  4100 | D:4      | Killed Robin
  4207 | D:4      | Noticed hexxy's ghost (amateur DEFE)
  4264 | D:4      | Found Lehoosho's Assorted Antiques.
  4271 | D:4      | Bought a scroll of magic mapping for 87 gold pieces
  4271 | D:4      | Bought a fuming golden potion for 22 gold pieces
  4271 | D:4      | Bought a scroll labelled DUHUIC OTOUJU for 25 gold pieces
  4271 | D:4      | Bought a scroll labelled GUUMODDO YCLAS for 25 gold pieces
  4289 | D:4      | Found an ancient bone altar of Kikubaaqudgha.
  4305 | D:4      | Reached skill level 5 in Long Blades
  4870 | D:4      | Noticed Natasha
  4875 | D:4      | Killed Natasha
  4951 | D:5      | Entered Level 5 of the Dungeon
  5019 | D:5      | Noticed Menkaure
  5081 | D:5      | Killed Menkaure
  5082 | D:5      | Reached XP level 7. HP: 29/60 MP: 6/6
  5440 | D:5      | Reached skill level 6 in Long Blades
  5484 | D:5      | Found a glowing silver altar of Zin.
  6147 | D:5      | Reached skill level 5 in Fighting
  6147 | D:5      | Reached skill level 7 in Long Blades
  6147 | D:5      | Reached XP level 8. HP: 51/68 MP: 7/7
  6315 | D:5      | Found a burning altar of Makhleb.
  6672 | D:6      | Noticed Duvessa
  6672 | D:6      | Noticed Dowan
  6906 | D:6      | Killed Dowan
  6918 | D:6      | Killed Duvessa
  7230 | D:6      | Reached skill level 8 in Long Blades
  7411 | D:6      | Found a hazy altar of Hepliaklqana.
  7444 | D:6      | Reached skill level 1 in Stealth
  7542 | D:6      | Noticed Eustachio
  7576 | D:6      | Killed Eustachio
  7698 | D:6      | Reached skill level 9 in Long Blades
  7743 | D:6      | Reached XP level 9. HP: 77/78 MP: 8/8
  7923 | D:7      | Found Nyacitz's Book Shoppe.
  7972 | D:7      | Found a stormy altar of Qazlal.
  8553 | D:7      | Found a shadowy altar of Dithmenos.
  8937 | D:8      | Reached skill level 10 in Long Blades
  9177 | D:8      | Noticed Harold
  9207 | D:8      | Killed Harold
  9564 | D:8      | Reached skill level 11 in Long Blades
  9666 | D:8      | Reached XP level 10. HP: 82/88 MP: 9/9
 10094 | D:8      | Reached skill level 10 in Armour
 10152 | D:8      | Found a runed translucent gate.
 10152 | D:8      | Found a runed translucent gate.
 10152 | D:8      | Found a runed translucent gate.
 10156 | D:8      | Noticed Peloso's ghost (novice MiFi)
 10456 | D:9      | Identified a scroll of acquirement
 10461 | D:9      | Found a radiant altar of Vehumet.
 10495 | D:9      | Noticed Maggie
 10532 | D:9      | Killed Maggie
 10538 | D:9      | HP: 1/90 [yak (12)]
 10540 | D:9      | Mangled by a yak

Illustrated notes

Levels and vault maps discovered:
D:1:      mushboom_english_gardens, layout_basic, basic_ecumenical_altar,
          nicolae_concentric_dashed_squares_mild
D:2:      layout_loops_ring, basic_altar
D:3:      layout_basic, grunt_decor_cap, grunt_ministairs_6, dk_noncrumbling_4
D:4:      layout_rooms, nicolae_kikubaaqudgha_miasma_corner,
          lemuel_temple_firewalk_a, serial_shops,
          nicolae_shop_temple_entry_statues_fountains,
          gammafunk_ghost_necromancy, uniq_crazy_yiuf_cottage, uniq_natasha,
          uniq_robin
D:5:      layout_gridville, makhleb_grotto_becter, mainiacjoe_overflow_24_doors,
          minmay_a_box_with_orc_wizards_in_it, uniq_menkaure
D:6:      layout_rooms, nzn_hepliaklqana_mist_gate, uniq_duvessa, uniq_eustachio
D:7:      layout_basic, kennysheep_mini_moat, mainiacjoe_overflow_paths,
          serial_shops, nicolae_shop_statue_plus, kennysheep_decorative_pillar,
          minivault_1
D:8:      layout_basic, gammafunk_ghost_nasty_kobolds, solitary_fountain,
          uniq_harold
D:9:      layout_basic, nicolae_vehumet_altar_sigil, bloody_trog,
          david_lair_generic, uniq_maggie
Temple:   cyrus_temple_forest

Skill      XL: |  1  2  3  4  5  6  7  8  9 10 |
---------------+-------------------------------+-----
Shields        | 4 5 6 7 |  7.1
Armour         | 4 5 6 7 8 9 10 | 10.8
Fighting       | 4 5 6 7 8 |  8.7
Long Blades    | 3 4 5 7 9 11 | 11.8
Dodging        | 1 3 |  3.5
Stealth        | 1 |  1.2
Evocations     | |  0.2

Action                   |  1- 3 |  4- 6 |  7- 9 | 10-12 || total
-------------------------+-------+-------+-------+-------++-------
Melee: Long sword        |   110 |   137 |   210 |       ||   457
       Headbutt          |    11 |    22 |    49 |    15 ||    97
       Falchion          |       |       |    76 |    77 ||   153
Evoke: Wand              |       |       |     2 |       ||     2
  Use: Scroll            |     4 |     3 |     1 |     7 ||    15
       Potion            |       |     4 |     1 |     1 ||     6
Armor: Scale mail        |    48 |    13 |       |       ||    61
       Chain mail        |       |    99 |   137 |    22 ||   258
       Skin              |       |       |    17 |       ||    17
Dodge: Dodged            |    46 |    53 |    84 |    26 ||   209
Block: Buckler           |    31 |    42 |    60 |    25 ||   158
